 Dungeon Crawl Stone Soup version 0.31-a0-221-gbddc013574 (webtiles) character file.

Game seed: 3093038075063254133

3082 ryw the Fighter (level 10, -3/107 (110) HPs)
             Began as a Human Fighter on July 4, 2023.
             Was a High Priest of Jiyva.
             Slain by a wight
             ... wielding a +2 halberd
              (5 damage)
             ... on level 7 of the Dungeon.
             The game lasted 00:08:38 (5544 turns).

ryw the Fighter (Human Fighter)                     Turns: 5544, Time: 00:08:39

HP:   -3/107 (110)  AC:  7    Str: 21    XL:     10   Next: 12%
MP:   10/10         EV:  9    Int:  9    God:    Jiyva [*****.]
Gold: 441           SH:  4    Dex: 12    Spells: 9/9 levels left

rFire   . . .        a - +0 war axe
rCold   . . .        c - +0 buckler
rNeg    . . .        b - +0 scale mail
rPois   .            n - +0 helmet
rElec   .            (no cloak)
rCorr   +            (no gloves)
SInv    .            (no boots)
Will    .....        (no amulet) Stlth
                     (no ring)
HPRegen 1.81/turn    (no ring)
MPRegen 0.57/turn

%: no passive effects
@: lethally poisoned (-3 -> -6), slowed, lightly drained, very slow
A: fangs 3, hooves 1, robust 3, evolution 2
a: Renounce Religion, Oozemancy, Slimify


You were on level 7 of the Dungeon.
You worshipped Jiyva.
Jiyva was extremely pleased with you.
You visited 1 branch of the dungeon, and saw 7 of its levels.

You collected 441 gold pieces.

Inventory:

Hand Weapons
 a - a +0 war axe (weapon)
Missiles
 h - 14 poisoned darts (quivered)
 v - a boomerang
Armour
 b - a +0 scale mail (worn)
 c - a +0 buckler (worn)
 n - a +0 helmet (worn)
Jewellery
 t - a +6 ring of intelligence
Wands
 f - a wand of flame (24)
 p - a wand of charming (9)
 s - a wand of roots (11)
Scrolls
 d - a scroll of revelation {unknown}
 g - 5 scrolls of identify {unknown}
 i - a scroll of immolation {unknown}
 m - 3 scrolls of teleportation {unknown}
 o - a scroll of blinking {unknown}
 q - a scroll of vulnerability {unknown}
 r - a scroll of fog {unknown}
 u - a scroll of enchant weapon {unknown}
 w - 2 scrolls of enchant armour {unknown}
Potions
 e - 2 potions of magic
 j - a potion of degeneration {unknown}
 k - 2 potions of curing {unknown}
 l - 3 potions of attraction {unknown}


   Skills:
 + Level 10.0 Fighting
 + Level 9.8 Axes
 - Level 3.0 Armour
 - Level 3.0 Shields


You had 9 spell levels left.
You didn't know any spells.
Your spell library contained the following spells:

 Spells                   Type           Power      Damage    Failure   Level
 Apportation              Tloc           0%         N/A       80%         1
 Sublimation of Blood     Necr           0%         N/A       90%         2
 Wereblood                Tmut           0%         N/A       90%         2
 Alistair's Intoxication  Tmut/Pois      0%         N/A       100%        5
 Summon Hydra             Summ           0%         N/A       100%        7


Dungeon Overview and Level Annotations

Branches:
Dungeon (7/15)             Temple (0/1) D:5

Altars:
Nemelex Xobeh
Vehumet
Zin
The Shining One
Jiyva


Innate Abilities, Weirdness & Mutations

You have razor-sharp teeth.
You have large cloven feet.
You are extremely robust. (+30% HP)
You have great hidden genetic potential.


Message History

The wight barely misses you.
You feel sick.
You are no longer poisoned.
The hornet stings you!
You are poisoned.
You feel as though you will be slow longer.
The wight hits you with a +2 halberd.
A wight comes into view.
It is wielding a +6 great sword of freezing.
The hornet closely misses you. The hornet attacks as you move away!
The hornet stings you but does no damage.
You feel very sick. The wight barely misses you. You block the hornet's attack.
You block the wight's attack. The hornet attacks as you move away!
The hornet stings you.
You are more poisoned.
You feel as though you will be slow longer.
You feel very sick. The hornet stings you!
You are more poisoned.
You feel as though you will be slow longer.
The wight hits you from afar with a +2 halberd!
The hornet attacks as you move away! The hornet completely misses you.
The wight attacks as you move away!
The wight hits you with a +6 great sword of freezing.
* * * LOW HITPOINT WARNING * * *
The wight freezes you.
* * * LOW HITPOINT WARNING * * *
You feel extremely sick. The hornet stings you.
* * * LOW HITPOINT WARNING * * *
You feel as though you will be slow longer.
The hornet stings you.
* * * LOW HITPOINT WARNING * * *
You feel as though you will be slow longer.
You block the wight's attack.
The wight hits you from afar with a +2 halberd!
* * * LOW HITPOINT WARNING * * *
You feel drained.
You die...

..# #..## #......#
..# #..###......#
..# #...#..!....#
..######.#.#......
..'.<....#.#..†#
..########.....#####
#.##...........z...#
#.##.##....#...z##.#
#.# +........y@# #.#
#....###...# #.#
#....# #.#......#
#.# #....#
#.#...#.## #.#
#........)#.#... #.#
#......^..#.#...#
#.........#.#...#
#.$...?...#.. ..#
........+.. ..


You could see a hornet and 2 wights.

Vanquished Creatures
  The ghost of Dylgear the Shield-Bearer, a novice FoFi (D:6)
  Sigmund (D:2)
  2 water moccasins
  2 orc warriors (D:6)
  A black bear (D:6)
  3 ogres
  2 centaurs (D:6)
  A phantom (D:6)
  A bullfrog (D:6)
  A gnoll sergeant (D:5)
  A scorpion (D:4)
  6 howler monkeys
  An orc priest (D:6)
  A gnoll bouda (D:5)
  5 iguanas
  4 sleepcaps
  2 orc wizards (D:6)
  Robin (D:2)
  8 gnolls
  2 adders (D:6)
  2 ufetubi
  2 worms
  7 orcs
  6 bats
  An endoplasm (D:1)
  6 giant cockroaches
  12 goblins
  9 hobgoblins
  6 jackals (D:1)
  4 quokkas
  6 ball pythons
  2 frilled lizards
  5 kobolds
  6 rats (D:1)
120 creatures vanquished.

Vanquished Creatures (collateral kills)
  A two-headed ogre (D:6)
  A wraith (D:6)
2 creatures vanquished.

Vanquished Creatures (others)
  A scorpion (D:5)
  10 jellies
  2 hounds (D:5)
  A gnoll bouda (D:6)
  An iguana (D:5)
  5 gnolls
  3 adders
  A worm (D:3)
  3 orcs
  2 goblins (D:3)
  A hobgoblin (D:3)
  5 kobolds
  A quokka (D:4)
  A ball python (D:3)
37 creatures vanquished.

Grand Total: 159 creatures vanquished

Notes
Turn   | Place    | Note
-------+----------+-------------------------------------------
     0 | D:1      | ryw the Human Fighter began the quest for the Orb.
     0 | D:1      | Reached XP level 1. HP: 18/18 MP: 1/1
   212 | D:1      | Reached XP level 2. HP: 24/24 MP: 2/2
   257 | D:1      | Reached XP level 3. HP: 23/29 MP: 3/3
   931 | D:2      | Reached XP level 4. HP: 33/37 MP: 4/4
   977 | D:2      | Reached skill level 4 in Fighting
  1191 | D:2      | Found a faded altar of an unknown god.
  1201 | D:2      | Prayed at the altar of an unknown god.
  1201 | D:2      | Became a worshipper of Jiyva Jetamp the Shapeless
  1201 | D:2      | Reached * piety under Jiyva
  1205 | D:2      | Noticed Sigmund
  1226 | D:2      | Killed Sigmund
  1227 | D:2      | Reached skill level 5 in Fighting
  1227 | D:2      | Reached XP level 5. HP: 24/44 MP: 5/5
  1227 | D:2      | Reached XP level 6. HP: 28/51 MP: 6/6
  1537 | D:3      | Found a glowing golden altar of the Shining One.
  1541 | D:3      | Noticed Robin
  1683 | D:2      | Killed Robin
  1904 | D:3      | Reached ** piety under Jiyva
  2357 | D:4      | Found a sparkling altar of Nemelex Xobeh.
  2392 | D:4      | Noticed an ogre
  2401 | D:4      | Killed an ogre
  2402 | D:4      | Reached skill level 5 in Axes
  2402 | D:4      | Reached XP level 7. HP: 49/56 MP: 7/7
  2605 | D:4      | Reached *** piety under Jiyva
  2767 | D:4      | Gained mutation: You have very sharp teeth. [Jiyva's grace]
  2767 | D:4      | Gained mutation: You have extremely sharp teeth. [Jiyva's
                  | grace]
  2767 | D:4      | Gained mutation: You have razor-sharp teeth. [Jiyva's
                  | grace]
  2767 | D:4      | Gained mutation: You have large cloven feet. [Jiyva's
                  | grace]
  2875 | D:5      | Entered Level 5 of the Dungeon
  2905 | D:5      | Reached skill level 6 in Fighting
  2969 | D:5      | Found a staircase to the Ecumenical Temple.
  3183 | D:5      | Reached XP level 8. HP: 36/65 MP: 8/8
  3224 | D:5      | Reached **** piety under Jiyva
  4089 | D:6      | Reached skill level 7 in Fighting
  4285 | D:6      | Reached ***** piety under Jiyva
  4308 | D:6      | Noticed Dylgear's ghost (novice FoFi)
  4320 | D:6      | Found a runed translucent door.
  4337 | D:6      | Found a radiant altar of Vehumet.
  4408 | D:6      | Gained mutation: You have hidden genetic potential.
                  | [Jiyva's grace]
  4408 | D:6      | Gained mutation: You have great hidden genetic potential.
                  | [Jiyva's grace]
  4408 | D:6      | Gained mutation: You are robust. (+10% HP) [Jiyva's grace]
  4408 | D:6      | Gained mutation: You are very robust. (+20% HP) [Jiyva's
                  | grace]
  4419 | D:6      | Found a glowing silver altar of Zin.
  4833 | D:6      | Reached XP level 9. HP: 39/88 MP: 9/9
  4841 | D:6      | Reached skill level 8 in Fighting
  5129 | D:6      | Noticed a two-headed ogre
  5132 | D:6      | Killed a two-headed ogre
  5133 | D:6      | Reached skill level 9 in Fighting
  5143 | D:6      | Gained mutation: You are extremely robust. (+30% HP)
                  | [hidden potential]
  5312 | D:6      | Killed Dylgear's ghost
  5313 | D:6      | Reached XP level 10. HP: 64/110 MP: 10/10
  5519 | D:7      | Reached skill level 10 in Fighting
  5535 | D:7      | Paralysed by a hornet for 1 turns
  5544 | D:7      | HP: 2/110 [wight/+2 halberd (14)]
  5544 | D:7      | Slain by a wight

Illustrated notes

Levels and vault maps discovered:
D:1:      dpeg_arrival_subterranean_lakeside_camping, layout_loops_ring
D:2:      layout_basic, chequers_ecumenical_altar_simple, uniq_sigmund
D:3:      layout_basic, mainiacjoe_overflow_alcove_2, uniq_robin
D:4:      layout_rooms, nemelex_xobeh_ov_fountains_minmay
D:5:      layout_basic, minmay_temple_entry_glassed_door,
          dreamdust_mushroom_princess
D:6:      kennysheep_windowed_halls, layout_gridville, zin_statuary,
          nicolae_vehumet_altar_sigil, hellmonk_ghost_happy_afterlife,
          minivault_10
D:7:      layout_basic, bloody_makhleb, led_sif_pool, okawaru_humans,
          uniq_menkaure

Skill      XL: |  1  2  3  4  5  6  7  8  9 10 |
---------------+-------------------------------+-----
Axes           | 3 4 5 6 7 9 |  9.8
Fighting       | 5 6 7 9 10 | 10.0
Armour         | |  3.0
Shields        | |  3.0

Action                     |  1- 3 |  4- 6 |  7- 9 | 10-12 || total
---------------------------+-------+-------+-------+-------++-------
  Melee: War axe           |    87 |    72 |   227 |    29 ||   415
         Kick              |       |       |    51 |     8 ||    59
         Bite              |       |       |    19 |     1 ||    20
  Throw: Dart              |       |     4 |     4 |       ||     8
    Use: Potion            |       |       |     3 |       ||     3
 Armour: Scale mail        |    68 |    34 |    91 |    12 ||   205
         Skin              |       |       |     6 |       ||     6
  Dodge: Dodged            |    46 |    32 |   108 |    18 ||   204
  Block: Buckler           |    27 |    16 |    54 |     6 ||   103

Table legend: (Time is in decaauts)
 A = Elapsed time spent in this place.
 B = Non-inter-level travel time spent in this place.
 C = Inter-level travel time spent in this place.
 D = Time resting spent in this place.
 E = Time spent auto-exploring this place.
 F = Levels seen in this place.
 G = Mean time per level.
                   A        B        C        D        E       F      G
               +--------+--------+--------+--------+--------+-----+--------+
         Total |   5654 |   5436 |    218 |    634 |   3773 |   7 |  807.7 |
       Dungeon |   5654 |   5436 |    218 |    634 |   3773 |   7 |  807.7 |
               +--------+--------+--------+--------+--------+-----+--------+

Top non-repeatable levels by time:
     D:6: 1419 daAuts
     D:5: 1171 daAuts
     D:2: 896 daAuts
     D:1: 830 daAuts
     D:3: 691 daAuts
     D:4: 552 daAuts
     D:7: 91 daAuts
